 Dungeon Crawl Stone Soup version 0.28-a0-194-g42b4daccc1 (webtiles) character file.

Game seed: 6776092987252221808

378 powerkranz the Poker (level 6, -4/48 HPs)
             Began as a Demonspawn Chaos Knight on Aug 19, 2021.
             Was a Plaything of Xom.
             Succumbed to a kobold brigand's curare-tipped dart
             ... on level 4 of the Dungeon.
             The game lasted 00:11:31 (3219 turns).

powerkranz the Poker (Demonspawn Chaos Knight)      Turns: 3219, Time: 00:11:32

Health: -4/48      AC: 14    Str: 14    XL:     6   Next: 45%
Magic:  6/6        EV:  9    Int: 13    God:    Xom [..*...]
Gold:   114        SH:  0    Dex: 13    Spells: 5/5 levels left

rFire   . . .      SeeInvis .   a - +0 spear (chaos)
rCold   . . .      Faith    .   (no shield)
rNeg    + . .      Spirit   .   o - +0 plate armour
rPois   .          Reflect  .   (no helmet)
rElec   .          Harm     .   (no cloak)
rCorr   .          Rampage  .   f - +0 pair of gloves
Will    .....                   d - +0 pair of boots
Stlth   ..........              (no amulet)
HPRegen 0.16/turn               q - ring of positive energy
MPRegen 0.10/turn               (no ring)

@: agile, lethally poisoned (-4 -> -37), slowed, very slow
A: hooves 1, powered by pain 1, sharp scales 1
a: Renounce Religion


You were on level 4 of the Dungeon.
You worshipped Xom.
You were a toy of Xom.
You visited 1 branch of the dungeon, and saw 4 of its levels.

You collected 114 gold pieces.

Inventory:

Hand Weapons
 a - a +0 spear of chaos (weapon)
 h - a +1 dagger of venom
Armour
 b - a +2 leather armour
 d - a +0 pair of boots (worn)
 f - a +0 pair of gloves (worn)
 o - a +0 plate armour (worn)
Jewellery
 m - a ring of protection from fire
 q - a ring of positive energy (left hand)
Scrolls
 g - a scroll of fear
 j - a scroll of immolation
 l - a scroll of torment
 n - a scroll of teleportation
 p - a scroll of magic mapping {unknown}
Potions
 c - a potion of heal wounds
 e - a potion of curing {unknown}
 i - a potion of haste {unknown}
 k - a potion of brilliance {unknown}


   Skills:
 + Level 4.1 Fighting
 + Level 4.7 Polearms
 + Level 3.1 Armour
 + Level 2.1 Dodging
 + Level 1.6 Stealth


You had 5 spell levels left.
You didn't know any spells.
Your spell library was empty.

Dungeon Overview and Level Annotations

Branches:
Dungeon (4/15)
 Temple: D:4-7

Altars:


Innate Abilities, Weirdness & Mutations

You have large cloven feet.
You sometimes gain a little power by taking damage.
You are partially covered in razor-sharp scales. (AC +1, Slay +1)


Message History

You swap places.
The ball python bites you. The ball python grabs you.
The ball python constricts you.
You barely miss the ball python.
The ball python bites you but does no damage.
The ball python constricts you.
You hit the ball python.
The ball python is poisoned.
The ball python is severely wounded.
You kill the ball python!
You now have 101 gold pieces (gained 12).
You see here a ball python corpse.
You now have 114 gold pieces (gained 13).
You swap places.
Your kobold zombie crumbles into dust!
Things that are here:
a +0 club; a goblin corpse A kobold brigand comes into view.
It is wielding a +0 dagger and quivering curare-tipped darts.
The kobold brigand shouts!
The kobold brigand throws a curare-tipped dart.
The curare-tipped dart hits you.
You are poisoned.
You have difficulty breathing.
You feel yourself slow down.
You feel very sick.
The kobold brigand throws a curare-tipped dart.
The curare-tipped dart hits you.
You are more poisoned.
You have difficulty breathing.
You feel as though you will be slow longer.
The kobold brigand throws a curare-tipped dart.
The curare-tipped dart hits you.
You are more poisoned.
You have difficulty breathing.
You feel as though you will be slow longer.
Found 14 sling bullets.
* * * LOW HITPOINT WARNING * * *
You focus on the pain.
You feel agile all of a sudden.
You feel extremely sick.
You die...
Xom howls with laughter!

#..........##..#
#..........###.##
############ #..#
##.## #..# ##.#
#.# #####
#.#......
#@.......
##....... .......
.K..... #...(..
...... ..#### #.#


You could see a kobold brigand.

Vanquished Creatures
  A water moccasin (shapeshifter) (D:3)
  A black bear (D:4)
  A scorpion (D:4)
  4 adders
  A gnoll (D:1)
  An ufetubus (D:2)
  2 worms (D:2)
  3 dart slugs
  4 orcs (D:3)
  4 ball pythons
  5 endoplasms
  3 giant cockroaches
  5 hobgoblins
  5 quokkas
  A bat (D:3)
  2 frilled lizards (D:2)
  8 goblins
  4 kobolds
  6 rats
61 creatures vanquished.

Notes
Turn   | Place    | Note
-------+----------+-------------------------------------------
     0 | D:1      | powerkranz the Demonspawn Chaos Knight began the quest for
                  | the Orb.
     0 | D:1      | Reached XP level 1. HP: 18/18 MP: 1/1
    75 | D:1      | XOM: silly message
   210 | D:1      | XOM: potion effect (curing)
   220 | D:1      | Gained mutation: You sometimes gain a little power by
                  | taking damage. [demonic ancestry]
   220 | D:1      | Reached XP level 2. HP: 17/24 MP: 2/2
   478 | D:1      | XOM: potion effect (brilliance)
   521 | D:1      | XOM: silly message
   606 | D:1      | Reached skill level 1 in Dodging
  1029 | D:2      | Reached XP level 3. HP: 28/29 MP: 3/3
  1668 | D:2      | XOM: divination: magic mapping
  1724 | D:2      | Gained mutation: You are partially covered in razor-sharp
                  | scales. (AC +1, Slay +1) [demonic ancestry]
  1724 | D:2      | Reached XP level 4. HP: 35/35 MP: 4/4
  1728 | D:2      | XOM: divination: detect creatures
  2330 | D:3      | Found a faded altar of an unknown god.
  2412 | D:3      | XOM: silly message
  2479 | D:3      | XOM: silly message
  2511 | D:3      | Noticed a shapeshifter
  2511 | D:3      | a jelly changed into a shapeshifter
  2511 | D:3      | Noticed a salamander
  2511 | D:3      | a shapeshifter changed into a salamander
  2516 | D:3      | Noticed a shapeshifter
  2516 | D:3      | a salamander changed into a shapeshifter
  2516 | D:3      | Noticed a black bear
  2516 | D:3      | a shapeshifter changed into a black bear
  2521 | D:3      | Noticed a water moccasin
  2521 | D:3      | a black bear changed into a water moccasin
  2523 | D:3      | Killed a water moccasin
  2524 | D:3      | Reached skill level 1 in Stealth
  2524 | D:3      | Reached XP level 5. HP: 20/42 MP: 5/5
  2838 | D:4      | XOM: silly message
  2843 | D:4      | Noticed a black bear
  2856 | D:4      | Killed a black bear
  2857 | D:4      | Gained mutation: You have large cloven feet. [demonic
                  | ancestry]
  2857 | D:4      | Reached XP level 6. HP: 31/48 MP: 6/6
  2960 | D:4      | XOM: divination: detect items
  3219 | D:4      | Succumbed to a kobold brigand's curare-tipped dart

Illustrated notes

Levels and vault maps discovered:
D:1:      onia_arrival_handbag, layout_basic
D:2:      layout_loops_cross
D:3:      layout_loops_ring, chequers_ecumenical_altar_island
D:4:      layout_basic, mainiacjoe_overflow_alcove_4, minmay_unequal

Skill      XL: |  1  2  3  4  5 |
---------------+----------------+-----
Armour         | 2 3 |  3.1
Dodging        | 1 2 |  2.1
Polearms       | 3 4 |  4.7
Stealth        | 1 |  1.6
Fighting       | 4 |  4.1

Action                   |  1- 3 |  4- 6 || total
-------------------------+-------+-------++-------
Melee: Spear             |   110 |   105 ||   215
  Use: Scroll            |       |     7 ||     7
 Stab: Sleeping          |     1 |       ||     1
Armor: Leather armour    |    42 |    13 ||    55
       Plate armour      |       |    34 ||    34
Dodge: Dodged            |    45 |    48 ||    93

Table legend: (Time is in decaauts)
 A = Elapsed time spent in this place.
 B = Non-inter-level travel time spent in this place.
 C = Inter-level travel time spent in this place.
 D = Time resting spent in this place.
 E = Time spent auto-exploring this place.
 F = Levels seen in this place.
 G = Mean time per level.
                   A        B        C        D        E       F      G
               +--------+--------+--------+--------+--------+-----+--------+
         Total |   3203 |   3143 |     60 |    394 |   1966 |   4 |  800.8 |
       Dungeon |   3203 |   3143 |     60 |    394 |   1966 |   4 |  800.8 |
               +--------+--------+--------+--------+--------+-----+--------+

Top non-repeatable levels by time:
     D:1: 992 daAuts
     D:3: 973 daAuts
     D:2: 843 daAuts
     D:4: 394 daAuts
